Map: Rhoskallian LE

Players

Guiillo

  • Race: Terran Terran
  • Spawn Location: 5:00

DaMaGeR

  • Race: Zerg Zerg
  • League: Diamond
  • Spawn Location: 6:00

Massa - Winner!

  • Race: Terran Terran
  • League: Platinum
  • Spawn Location: 12:00

qqq - Winner!

  • Race: Protoss Protoss
  • League: Platinum
  • Spawn Location: 11:00

VOD

Have the link to the VOD?

Description

Time

  • Played on: Dec. 6, 2020, 5:16 p.m.
  • Length: 15:48
Show
View Real Time Build Order
Export as new Build Order

Guiillo Terran 

Build Orders:  

Get SALT Encoding   

  12  0:01  SCV  
  13  0:15  SCV  
  13  0:18  Supply Depot  
  14  0:27  SCV  
  15  0:40  SCV  
  15  0:41  Barracks  
  16  0:52  SCV  
  17  1:04  SCV  
  18  1:07  Refinery  
  18  1:16  SCV  
  19  1:28  SCV, Marine  
  21  1:40  Command Center  
  21  1:42  Orbital Command  
  21  1:48  Marine  
  22  2:07  Supply Depot  
  22  2:09  SCV  
  22  2:11  Barracks Reactor  
  23  2:28  SCV  
  24  2:31  Factory  
  24  2:40  SCV  
  25  2:44  Barracks  
  25  2:52  SCV, Marine x2  
  27  3:08  SCV  
  27  3:09  SCV  
  27  3:10  Marine x2  
  31  3:16  Factory Tech Lab  
  29  3:27  SCV, Marine  
  29  3:28  Marine  
  29  3:29  Orbital Command  
  31  3:39  Widow Mine  
  31  3:40  SCV  
  34  3:45  Refinery, Marine  
  34  3:48  Supply Depot  
  35  3:52  Barracks  
  35  3:53  SCV  
  36  4:01  Widow Mine  
  38  4:03  SCV  
  38  4:06  Marine x2  
  41  4:12  Starport  
  41  4:13  Marine  
  42  4:18  SCV x2  
  44  4:24  Marine  
  44  4:28  Marine  
  44  4:29  Siege Tank  
  49  4:32  Supply Depot  
  49  4:34  Barracks Tech Lab  
  49  4:35  SCV x2  
  51  4:50  Marine x2  
  51  4:52  SCV  
  49  5:10  SCV x2  
  46  5:14  Liberator  
  46  5:21  Marine x2  
  50  5:22  SCV  
  50  5:23  SCV  
  53  5:30  Command Center  
  53  5:33  Marine  
  53  5:39  Marine  
  53  5:40  Engineering Bay x2  
  53  5:41  Barracks Reactor  
  50  5:44  SCV x2  
  50  5:46  Refinery  
  50  5:49  Refinery  
  52  5:50  Stimpack  
  52  5:56  SCV x2  
  47  6:08  SCV x2  
  49  6:14  Marine x2  
  49  6:15  Marine  
  52  6:20  SCV  
  52  6:22  Barracks x3  
  52  6:23  SCV  
  54  6:32  SCV, Siege Tank  
  58  6:33  Starport Reactor, Marauder  
  58  6:35  SCV  
  58  6:37  Marine  
  62  6:41  Marine  
  62  6:44  SCV  
  64  6:47  SCV  
  64  6:52  Armory  
  64  6:54  Marine  
  65  6:55  Marine  
  65  6:56  SCV, Supply Depot x2  
  65  7:00  SCV  
  70  7:02  Orbital Command  
  70  7:07  Factory  
  69  7:08  SCV  
  69  7:12  SCV  
  68  7:19  Barracks Reactor x2  
  68  7:20  Barracks Tech Lab  
  68  7:21  SCV  
  65  7:24  SCV  
  65  7:27  Marine x2  
  65  7:29  Marauder  
  67  7:30  Combat Shield  
  67  7:31  Terran Infantry Weapons Level 1  
  67  7:32  Terran Infantry Armor Level 1  
  67  7:35  Missile Turret  
  67  7:36  SCV x2  
  69  7:38  SCV, Marine  
  69  7:39  Supply Depot  
  69  7:48  Marine x2  
  69  7:49  Marine  
  69  7:50  SCV x2  
  73  7:52  Medivac  
  73  7:57  Missile Turret  
  73  7:58  SCV, Marine x3  
  75  7:59  Marine x2  
  75  8:02  SCV  
  81  8:10  Marine x3  
  82  8:21  SCV x3, Marine x2  
  82  8:22  Marine x2  
  82  8:24  Marauder, Siege Tank  
  82  8:25  Medivac x2  
  96  8:33  SCV  
  90  8:41  Marine x3  
  82  8:47  Orbital Command  
  82  8:49  Marine  
  82  8:50  Marine x4  
  71  8:58  Marine  
  71  8:59  Marine x2  
  73  9:06  Factory Tech Lab  
  73  9:07  Marine  
  74  9:10  SCV x2  
  74  9:13  Concussive Shells  
  74  9:14  Terran Vehicle And Ship Armor Level 1  
  73  9:17  SCV  
  73  9:22  SCV x2  
  76  9:26  Barracks x2  
  76  9:27  Marine x2  
  76  9:28  Marine x5  
  76  9:29  SCV  
  84  9:34  SCV  
  84  9:35  SCV  
  83  9:39  Marine  
  83  9:45  Marine x3  
  84  9:46  SCV, Marine x4  
  84  9:47  SCV  
  84  9:48  Viking x2  
  84  9:50  SCV, Siege Tank  
  101  9:57  Marine  
  101  9:58  SCV  
  101  9:59  SCV  
  99  10:00  Siege Tank  
  99  10:03  Marine x4  
  99  10:04  Marine x3  
  77  10:15  Marine  
  77  10:19  Orbital Command  
  77  10:21  Marine x5  
  67  10:22  Marine x2  
  72  10:32  Marine  
  68  10:37  Factory Tech Lab  
  68  10:39  Marine x7  
  69  10:45  SCV x3  
  69  10:50  Marine  
  69  10:56  Marine  
  69  10:57  SCV x2, Marine x6  
  71  10:58  SCV  
  71  11:00  Barracks Reactor  
  80  11:08  Marine  
  80  11:10  SCV x3  
  84  11:14  Marine x2  
  84  11:16  Marine x3  
  89  11:19  Barracks Reactor  
  89  11:20  Marine x2  
  89  11:21  Marine x2  
  93  11:31  Marine  
  93  11:32  Marine x2  
  95  11:33  Marine  
  95  11:34  Terran Infantry Weapons Level 2, Marine x2  
  97  11:52  Marine x4  
  101  11:57  Marine x5  
  101  11:59  Supply Depot  
  101  12:01  Supply Depot  
  106  12:06  Marine x3  
  109  12:21  Marine x6  
  115  12:23  Supply Depot x2  
  115  12:28  Supply Depot  
  115  12:29  Marine x2  
  116  12:30  Marine x2  
  114  13:00  Marine x12  
  114  13:01  Marine x2  
  108  13:17  Marine  
  108  13:18  SCV, Marine x3  
  108  13:19  SCV x2  
  115  13:22  Command Center  
  115  13:30  SCV  
  115  13:31  SCV  
  115  13:32  Medivac  
  119  13:34  Medivac  
  120  13:41  Marine  
  120  13:42  Marine x4  
  107  13:53  Marine x5  
  107  13:54  Marine  
  113  14:02  Medivac  
  114  14:04  Medivac  
  114  14:05  SCV  
  114  14:06  SCV x2  
  114  14:07  Marine x4  
  113  14:39  Marine x4  
  113  14:41  Medivac x2  
  120  15:11  Marine x6  
  126  15:17  Marine x4  
  125  15:30  Marine  
Show
View Real Time Build Order
Export as new Build Order

DaMaGeR Zerg 

Build Orders: Hatch First 

Get SALT Encoding   

  12  0:00  Drone  
  13  0:13  Overlord  
  13  0:18  Drone  
  14  0:32  Drone x2  
  16  0:52  Hatchery  
  15  1:03  Drone x3  
  18  1:10  Extractor  
  17  1:20  Spawning Pool  
  17  1:25  Drone x2  
  18  1:39  Drone  
  19  1:53  Drone  
  20  1:59  Overlord  
  22  2:16  Lair  
  22  2:24  Drone x2  
  22  2:27  Extractor  
  22  2:29  Drone  
  24  2:50  Overlord x2  
  22  3:08  Spine Crawler  
  22  3:12  Spine Crawler x2  
  19  3:14  Spawning Pool  
  17  4:02  Nydus Network  
  15  4:25  Zergling x4  
  15  4:26  Zergling x2  
  15  4:27  Queen  
  20  4:45  Nydus Canal  
  20  4:53  Metabolic Boost  
  20  4:55  Zergling x4  
  12  6:31  Drone x3  
  15  6:32  Queen  
  15  6:44  Hatchery  
  13  7:16  Queen  
  15  7:59  Drone  
  15  8:00  Drone x5  
  15  8:04  Nydus Canal  
  21  8:19  Drone  
  22  8:30  Lair  
  22  8:44  Zergling x6  
  25  9:04  Drone x4  
  25  9:09  Extractor  
  28  9:10  Extractor  
  27  9:18  Drone  
  28  9:38  Overlord x2  
  28  9:42  Spore Crawler  
  28  9:43  Spore Crawler  
  28  9:44  Spine Crawler  
  25  10:05  Drone x5  
  30  10:22  Spawning Pool  
  30  10:28  Drone  
  30  10:50  Spire  
  29  11:02  Drone  
  30  11:05  Overlord x2  
  30  11:34  Drone  
  31  11:41  Overlord x2  
  27  12:04  Corruptor x4  
  35  12:10  Corruptor  
  34  12:33  Corruptor  
  16  13:33  Drone x2  
  18  13:39  Drone  
  18  13:40  Drone x2  
Show
View Real Time Build Order
Export as new Build Order

Massa Terran - Winner!

Build Orders:  

Get SALT Encoding   

  12  0:00  SCV  
  13  0:12  SCV  
  14  0:23  Supply Depot  
  14  0:24  SCV  
  15  0:45  SCV, Barracks  
  16  0:51  Refinery  
  16  0:57  SCV  
  17  1:09  SCV  
  18  1:21  SCV  
  19  1:35  SCV  
  20  1:41  Supply Depot  
  20  1:43  Reaper  
  20  1:44  Command Center  
  21  1:48  SCV  
  22  2:03  Supply Depot  
  22  2:04  SCV  
  23  2:15  Marine  
  24  2:19  Orbital Command  
  24  2:30  Refinery  
  24  2:46  Factory  
  24  2:51  Supply Depot  
  24  3:21  SCV  
  24  3:23  Orbital Command  
  24  3:24  Marine  
  26  3:33  SCV  
  27  3:42  Marine  
  27  3:45  SCV  
  29  3:57  Factory Tech Lab, SCV  
  29  3:59  Barracks  
  30  4:02  Barracks  
  30  4:06  Barracks, Marine  
  31  4:11  SCV x2  
  33  4:23  Starport, SCV x2  
  33  4:24  Marine  
  35  4:25  Engineering Bay  
  35  4:27  Siege Tank  
  39  4:35  Supply Depot  
  34  4:53  Marine  
  34  4:54  Marine  
  34  4:55  Marine x2  
  36  5:11  Marine  
  36  5:12  Marine  
  36  5:13  Marine x2  
  36  5:29  Marine  
  36  5:30  Marine, Siege Tank  
  36  5:31  Marine x2  
  38  5:47  Marine, Terran Infantry Weapons Level 1  
  38  5:51  Command Center, Medivac  
  40  6:05  Barracks Reactor, Barracks Tech Lab, Marine x2  
  40  6:10  SCV  
  40  6:11  SCV  
  44  6:15  Missile Turret  
  44  6:22  Missile Turret  
  44  6:23  SCV x2, Marine x2  
  48  6:27  Armory  
  48  6:29  Starport Reactor  
  48  6:31  Liberator  
  51  6:35  SCV x2, Siege Tank  
  51  6:37  Marauder  
  52  6:52  Missile Turret  
  52  6:58  Refinery  
  52  6:59  SCV x2  
  52  7:00  Refinery, Barracks Tech Lab  
  52  7:01  Barracks Reactor, Marine  
  54  7:02  Marauder  
  54  7:08  Missile Turret  
  56  7:11  SCV x2  
  58  7:23  SCV x2  
  58  7:24  SCV  
  61  7:33  Siege Tank  
  61  7:35  SCV x2  
  61  7:36  SCV  
  67  7:37  Starport Reactor  
  67  7:41  Marauder x2, Marine  
  67  7:42  Marine  
  73  7:47  SCV x2  
  73  7:48  SCV  
  75  8:02  Marauder  
  77  8:07  Combat Shield  
  77  8:08  Stimpack  
  77  8:09  SCV x2  
  77  8:10  SCV  
  80  8:21  SCV  
  80  8:22  SCV x2  
  83  8:33  SCV  
  83  8:34  SCV  
  85  8:50  SCV  
  85  8:51  SCV  
  74  9:12  Siege Tank  
  74  9:13  Marauder x2, Marine x3  
  74  9:14  Marine  
  85  9:26  Concussive Shells  
  85  9:38  Marine  
  85  9:39  Marauder  
  85  9:48  Supply Depot  
  85  9:50  Supply Depot  
  85  9:52  Supply Depot  
  85  9:53  Supply Depot  
  85  9:55  Supply Depot x2  
  85  9:56  Supply Depot  
  85  9:58  Supply Depot x2  
  85  10:09  Marauder  
  85  10:10  Marauder, Medivac x2, Siege Tank  
  89  10:18  Marine x2  
  89  10:19  Marine x2  
  87  10:30  Marauder  
  87  10:32  Marauder  
  85  10:36  Marine  
  85  10:42  Marine x2, Siege Tank  
  79  10:52  Marauder  
  79  10:53  Marauder  
  83  11:10  Marine x3  
  83  11:11  Marine  
  87  11:13  Marauder, Medivac  
  87  11:14  Marauder, Siege Tank  
  96  11:28  Marine x2  
  98  11:34  Marauder  
  98  11:36  Marauder  
  102  11:46  Siege Tank  
  106  11:47  SCV x2  
  106  11:49  Orbital Command  
  107  11:56  Marauder  
  107  11:57  Marauder  
  107  11:59  SCV x2  
  113  12:08  Marine x4  
  113  12:11  SCV x2  
  119  12:17  Marauder  
  119  12:18  Marauder, Siege Tank  
  126  12:23  SCV x2  
  126  12:26  Marine  
  129  12:35  SCV x2  
  126  12:39  Marauder  
  128  12:45  Marauder, Marine  
  128  12:46  Marine x3  
  128  12:49  Medivac x2  
  128  12:50  Siege Tank  
  141  13:00  Marauder  
  141  13:03  Marine x2  
  145  13:07  Marauder  
  147  13:19  Viking x2  
  151  13:21  Marauder  
  153  13:28  Marauder  
  150  14:07  SCV x3  
  152  14:12  Command Center  
  152  14:15  Command Center  
  152  14:17  Refinery x2  
  152  14:18  Marauder x2, Marine  
  157  14:34  SCV x2  
  157  14:54  Engineering Bay  
  157  14:55  Armory  
  157  15:02  Supply Depot  
  157  15:04  Supply Depot  
  157  15:05  Supply Depot x2  
  157  15:07  Supply Depot  
  157  15:08  Supply Depot  
  157  15:23  SCV x2, Marauder x2, Marine x4  
  157  15:27  Supply Depot x2  
  171  15:30  Supply Depot  
  171  15:31  Supply Depot  
  171  15:32  Supply Depot  
  171  15:34  Supply Depot  
Show
View Real Time Build Order
Export as new Build Order

qqq Protoss - Winner!

Build Orders: Carriers 

Get SALT Encoding   

  12  0:10  Pylon  
  12  0:14  Probe  
  13  0:26  Probe  
  14  0:33  Forge  
  14  0:38  Probe  
  15  0:50  Probe  
  16  0:57  Pylon  
  16  1:11  Pylon  
  16  1:22  Probe  
  17  1:33  Photon Cannon  
  17  1:34  Probe  
  18  1:41  Pylon  
  18  1:51  Photon Cannon  
  18  2:00  Photon Cannon  
  18  2:03  Photon Cannon  
  18  2:10  Pylon  
  18  2:28  Photon Cannon  
  18  2:31  Photon Cannon  
  18  2:42  Photon Cannon  
  18  2:46  Pylon  
  18  3:06  Photon Cannon  
  18  3:11  Photon Cannon  
  18  4:00  Probe, Assimilator  
  19  4:05  Assimilator  
  19  4:08  Nexus  
  19  4:12  Probe  
  20  4:18  Gateway  
  20  4:21  Pylon  
  21  4:24  Probe  
  21  4:36  Probe  
  22  4:48  Probe  
  23  4:55  Pylon  
  23  5:00  Probe  
  23  5:06  Photon Cannon  
  24  5:09  Photon Cannon  
  24  5:12  Probe  
  25  5:15  Zealot  
  27  5:34  Cybernetics Core  
  27  5:38  Probe (Chrono Boost)  
  29  5:43  Probe (Chrono Boost)  
  29  5:46  Zealot (Chrono Boost)  
  31  5:51  Probe (Chrono Boost)  
  32  6:10  Zealot (Chrono Boost)  
  32  6:30  Zealot  
  32  6:31  Probe  
  35  6:37  Stargate  
  35  6:38  Stargate  
  35  6:43  Probe  
  36  6:50  Shield Battery  
  36  6:55  Probe  
  36  6:57  Stalker  
  39  7:04  Probe  
  39  7:07  Probe  
  39  7:16  Probe  
  39  7:19  Probe  
  41  7:26  Void Ray x2 (Chrono Boost)  
  41  7:27  Stalker  
  41  7:28  Probe  
  44  7:31  Probe  
  53  7:41  Probe  
  53  7:43  Probe  
  51  7:53  Probe  
  52  8:00  Void Ray x2 (Chrono Boost)  
  52  8:01  Probe  
  52  8:05  Probe  
  62  8:13  Probe  
  62  8:17  Probe  
  64  8:25  Probe  
  63  8:29  Probe  
  63  8:30  Assimilator  
  63  8:32  Void Ray  
  63  8:33  Stalker  
  64  8:34  Assimilator  
  64  8:37  Probe  
  69  8:47  Shield Battery  
  69  9:06  Fleet Beacon  
  69  9:09  Pylon  
  69  9:33  Nexus  
  69  9:36  Pylon  
  67  9:39  Pylon  
  63  9:49  Carrier  
  63  9:50  Carrier  
  75  10:07  Photon Cannon  
  75  10:11  Photon Cannon  
  75  10:13  Photon Cannon  
  75  10:15  Photon Cannon  
  75  10:17  Shield Battery, Pylon  
  75  10:23  Photon Cannon  
  74  10:54  Carrier  
  76  11:03  Probe  
  77  11:15  Probe, Robotics Facility  
  77  11:16  Carrier  
  84  11:24  Assimilator  
  84  11:27  Probe, Assimilator  
  85  11:39  Probe  
  86  11:51  Probe  
  87  11:57  Tempest  
  92  12:03  Probe  
  92  12:16  Probe  
  92  12:20  Tempest  
  98  12:28  Probe  
  99  12:40  Probe  
  99  12:41  Carrier  
  106  13:03  Carrier  
  100  13:17  Probe  
  95  13:24  Nexus  
  95  13:28  Pylon  
  95  13:29  Probe  
  95  13:31  Pylon  
  96  13:41  Probe  
  97  13:45  Carrier  
  103  13:53  Probe  
  98  13:55  Flux Vanes  
  98  14:05  Probe  
  98  14:07  Carrier  
  105  14:13  Warp Prism  
  103  14:45  Probe (Chrono Boost)  
  104  14:46  Carrier (Chrono Boost)  
  104  14:47  Probe (Chrono Boost)  
  104  14:50  Photon Cannon  
  111  14:53  Photon Cannon  
  111  14:55  Shield Battery  
  111  14:58  Shield Battery  
  111  14:59  Probe (Chrono Boost)  
  121  15:01  Photon Cannon  
  121  15:03  Probe (Chrono Boost)  
  121  15:05  Probe (Chrono Boost)  
  121  15:06  Photon Cannon  
  122  15:09  Probe (Chrono Boost)  
  122  15:13  Probe  
  130  15:21  Probe  
  131  15:23  Stargate  
  131  15:25  Probe  
  131  15:26  Stargate  
  132  15:28  Pylon  
  132  15:31  Pylon  
  132  15:32  Assimilator  
  132  15:36  Assimilator  
Tags
 
Add a new tag
Caveats
  • Supply blocks, unpowered buildings, or Contaminate may cause inaccurate times.
  • Supply counts are checked every 10 seconds.